 Dungeon Crawl Stone Soup version 0.26-a0-43-g20b394c (webtiles) character file.

Game seed: 6554119674173156694

16 AtlasWard the Poker (level 2, -2/22 (25) HPs)
             Began as a Ghoul Gladiator on June 3, 2020.
             Killed from afar by Natasha (3 damage)
             ... with a magic dart
             ... on level 2 of the Dungeon.
             The game lasted 00:03:00 (1497 turns).

AtlasWard the Poker (Ghoul Gladiator)               Turns: 1497, Time: 00:03:00

HP:   -2/22 (25)    AC:  4    Str: 17    XL:     2   Next: 54%
MP:   1/1           EV: 11    Int:  3    God:
Gold: 116           SH:  3    Dex: 10    Spells: 1/1 levels left

rFire    . . .     SeeInvis .   a - +0 trident
rCold    + . .     Gourm    .   k - +0 buckler
rNeg     + + +     Faith    .   b - +0 leather armour
rPois    ∞         Spirit   .   c - +0 helmet
rElec    .         Reflect  .   (no cloak)
rCorr    .         Harm     .   (no gloves)
MR       .....                  (no boots)
Stlth    ..........             (no amulet)
HPRegen  0.00/turn              l - ring of attention (curse)
MPRegen  0.07/turn              (no ring)

@: rotting
A: rotting body, claws 1, carnivore, cold resistance 1, negative energy
resistance 3, inhibited regeneration, torment resistance, unbreathing
a: no special abilities


You were on level 2 of the Dungeon.
You were not hungry.

You visited 1 branch of the dungeon, and saw 2 of its levels.

You collected 116 gold pieces.

Inventory:

Hand Weapons
 a - a +0 trident (weapon)
Missiles
 d - 3 throwing nets (quivered)
 i - 7 curare-tipped darts
Armour
 b - a +0 leather armour (worn)
 c - a +0 helmet (worn)
 k - a +0 buckler (worn)
Jewellery
 l - a cursed ring of attention (left claw)
Scrolls
 e - 3 scrolls of amnesia {unknown}
 h - a scroll of teleportation {unknown}
 j - a scroll of remove curse {unknown}
 m - 2 scrolls of identify {unknown}
 o - a scroll of blinking {unknown}
Potions
 g - a potion of heal wounds {unknown}
 n - a potion of haste {unknown}
Comestibles
 f - 4 rations


   Skills:
 + Level 2.7 Fighting
 + Level 3.0 Polearms
 - Level 2.0 Throwing
 - Level 2.6 Dodging
 + Level 0.0 Shields


You had one spell level left.
You didn't know any spells.
Your spell library was empty.

Dungeon Overview and Level Annotations

Branches:
Dungeon (2/15)

Altars:
Kikubaaqudgha
Nemelex Xobeh
Okawaru
Xom

Annotations:
D:2 Natasha


Innate Abilities, Weirdness & Mutations

Your body is rotting away.
You thrive on raw meat.
You are immune to poison.
You have sharp fingernails.
You are carnivorous and can eat meat at any time.
Your flesh is cold resistant. (rC+)
You are immune to negative energy. (rN+++)
You do not regenerate when monsters are visible.
You are immune to unholy pain and torment.
You can survive without breathing.


Message History

Natasha claws you but does no damage.
You barely miss Natasha. Natasha closely misses you.
You hit Natasha but do no damage.
The goblin shoots a sling bullet.
The sling bullet hits you.
Natasha mumbles some strange words.
Natasha glows brightly for a moment.
Natasha closely misses you.
You see here a sling bullet.
Natasha closely misses you.
The crimson imp blinks!
Natasha claws you!
The goblin shoots a sling bullet.
You block the sling bullet.
You see here a sling bullet.
Natasha stares at you and mumbles some strange words.
The magic dart hits you!
* * * LOW HITPOINT WARNING * * *
Natasha claws you but does no damage.
Natasha stares at you and mumbles some strange words.
The magic dart hits you.
You die...

#.# #l## #.#
#######.# #g# #.#
..8#....# #.# #.#
...'.##.# ##.## #.#
..8####.###...####.#
#### #.....#.(....#
#######.###...######
........# ##g######
.######## #..h.@.#
.# ######.# .# #.#
.# #.# .# #.# .# #.#
.# #.# .# #.# ## #.#


You could see Natasha and a goblin.

Vanquished Creatures
  A leopard gecko (D:1)
  2 bats (D:1)
  A giant cockroach (D:1)
  4 goblins
  2 hobgoblins (D:1)
  A ball python (D:1)
  A kobold (D:1)
  A rat (D:1)
13 creatures vanquished.

Notes
Turn   | Place    | Note
-------+----------+-------------------------------------------
     0 | D:1      | AtlasWard the Ghoul Gladiator began the quest for the Orb.
     0 | D:1      | Reached XP level 1. HP: 17/17 MP: 0/0
   213 | D:1      | Reached XP level 2. HP: 24/24 MP: 1/1
   560 | D:1      | Reached skill level 3 in Polearms
  1421 | D:2      | Found an ancient bone altar of Kikubaaqudgha.
  1423 | D:2      | Found a sparkling altar of Nemelex Xobeh.
  1423 | D:2      | Found an iron altar of Okawaru.
  1425 | D:2      | Found a burning altar of Makhleb.
  1425 | D:2      | Found a shimmering altar of Xom.
  1425 | D:2      | Found an ancient bone altar of Kikubaaqudgha.
  1471 | D:2      | Noticed Natasha
  1475 | D:2      | Noticed a crimson imp
  1490 | D:2      | HP: 1/22 [Natasha/magic dart (9)]
  1497 | D:2      | Killed from afar by Natasha

Illustrated notes

Levels and vault maps discovered:
D:1:      psy_arrival_terrarium, layout_basic, interstate_on_off,
          skrybe_limestone_x
D:2:      layout_loops_ring, doesnt_xom_only_xom,
          nicolae_overflow_crystal_walls, uniq_natasha

Skill      XL: |  1  2 |
---------------+-------+-----
Throwing       | 2 |  2.0
Polearms       | 3 |  3.0
Fighting       | |  2.7
Dodging        | |  2.6

Action                   || total
-------------------------++-------
Melee: Trident           ||    61
  Eat: Chunk             ||     4
Armor: Leather armour    ||    20
Dodge: Dodged            ||    32
Block: Buckler           ||     2

Table legend:
 A = Non-vault XP
 B = Vault XP
 C = Vault XP percentage of total XP
 D = Non-vault monster count
 E = Vault monster count
 F = Vault count percentage of total count
                 A         B        C        D         E       F
            +---------+---------+-------+---------+---------+-------
      Total |      23 |       0 |   0.0 |      13 |       0 |   0.0
            +---------+---------+-------+---------+---------+-------
        D:1 |      22 |       0 |   0.0 |      12 |       0 |   0.0
        D:2 |       1 |       0 |   0.0 |       1 |       0 |   0.0
            +---------+---------+-------+---------+---------+-------
